 Dungeon Crawl Stone Soup version 0.25-b1-46-gb8a1ec05df (webtiles) character file.

Game seed: 9012558503088351045

54544 grindst0ne the Champion of Chaos (level 14, -47/132 HPs)
             Began as a Deep Dwarf Artificer on June 10, 2020.
             Was the Champion of Makhleb.
             Killed from afar by Frances (62 damage)
             ... with an iron shot
             ... on level 13 of the Dungeon.
             The game lasted 00:47:24 (17960 turns).

grindst0ne the Champion of Chaos (DDAr)            Turns: 17960, Time: 00:47:25

Health: -47/132    AC: 19    Str: 18    XL:     14   Next: 35%
Magic:  16/16      EV: 13    Int: 15    God:    Makhleb [******]
Gold:   1795       SH:  5    Dex: 13    Spells: 13/13 levels left

rFire    + . .     SeeInvis .   G - +2 hand axe (vamp)
rCold    + . .     Gourm    .   (no shield)
rNeg     + . .     Faith    .   a - +3 chain mail {rC+}
rPois    .         Spirit   .   h - +0 helmet
rElec    .         Reflect  +   Q - +0 cloak
rCorr    .         Harm     .   (no gloves)
MR       ++...                  v - +0 pair of boots
Stlth    ..........             R - amulet of reflection
HPRegen  0.00/turn              X - ring of protection from fire
MPRegen  0.15/turn              b - +4 ring of slaying

@: non-regenerating
A: damage resistance, heal wounds, negative energy resistance 1, sense
surroundings 2, no regeneration
a: Heal Wounds, Minor Destruction, Lesser Servant of Makhleb, Major Destruction,
Greater Servant of Makhleb, Renounce Religion


You were on level 13 of the Dungeon.
You worshipped Makhleb.
Makhleb was exalted by your worship.
You were not hungry.

You visited 3 branches of the dungeon, and saw 20 of its levels.

You collected 1795 gold pieces.

Inventory:

Hand Weapons
 G - a +2 vampiric hand axe (weapon)
 M - a +4 scimitar of flaming
 U - the +10 dark maul {vorpal}
   (You found it on level 2 of the Lair of Beasts)

   It inflicts extra damage upon your enemies.
Missiles
 E - 6 javelins (quivered)
Armour
 a - a +3 chain mail of cold resistance (worn)
 e - +0 swamp dragon scales
 h - a +0 helmet (worn)
 v - a +0 pair of boots (worn)
 Q - a +0 cloak (worn)
Jewellery
 b - a +4 ring of slaying (right hand)
 i - an uncursed ring of see invisible
 l - an uncursed ring of ice
 x - an uncursed ring of wizardry
 J - an uncursed ring of positive energy
 R - an amulet of reflection (around neck)
 X - a ring of protection from fire (left hand)
 Y - an uncursed amulet of magic regeneration {unknown}
Wands
 d - a wand of enslavement (35)
 A - a wand of flame (49)
 B - a wand of clouds (1)
 D - a wand of polymorph (11)
 N - a wand of iceblast (19)
 O - a wand of digging (4)
 T - a wand of paralysis (16)
 V - a wand of disintegration (1)
 W - a wand of acid (18)
Scrolls
 c - 5 scrolls of fog
 m - 8 scrolls of remove curse
 p - 2 scrolls of amnesia
 s - 5 scrolls of enchant weapon
 t - 5 scrolls of blinking
 u - 2 scrolls of fear
 y - a scroll of magic mapping
 z - 9 scrolls of teleportation
 C - 5 scrolls of enchant armour
 S - a scroll of summoning
 Z - a scroll of acquirement
Potions
 g - 3 potions of heal wounds
 k - a potion of mutation {unknown}
 n - 6 potions of curing
 o - a potion of magic {unknown}
 q - 5 potions of might
 r - 5 potions of berserk rage
 w - 9 potions of haste
 F - 4 potions of lignification
 H - a potion of degeneration
 I - 4 potions of stabbing
 K - 2 potions of ambrosia {unknown}
 L - a potion of invisibility {unknown}
 P - 6 potions of flight
Comestibles
 f - 33 rations
 j - 8 chunks of flesh


   Skills:
 + Level 10.1 Fighting
   Level 0.8 Short Blades
 + Level 11.4 Axes
 + Level 11.9 Armour
 + Level 12.1 Dodging
 - Level 1.2 Stealth
 * Level 13.9 Invocations
 + Level 11.1 Evocations


You had 13 spell levels left.
You didn't know any spells.
Your spell library contained the following spells:

 Spells                   Type           Power        Failure   Level  Hunger
 Animate Skeleton         Necr           N/A          90%         1    ##.....
 Apportation              Tloc           #.....       90%         1    ##.....
 Beastly Appendage        Tmut           #.....       90%         1    ##.....
 Corona                   Hex            #......      90%         1    ##.....
 Sandblast                Erth           #.....       90%         1    ##.....
 Sting                    Tmut/Pois      #...         90%         1    ##.....
 Summon Butterflies       Summ           #.......     90%         1    ##.....
 Summon Small Mammal      Summ           #...         90%         1    ##.....
 Ensorcelled Hibernation  Hex/Ice        #.....       97%         2    ###....
 Passwall                 Tmut/Erth      #.......     97%         2    ###....
 Poisonous Vapours        Pois/Air       #.....       97%         2    ###....
 Sticks to Snakes         Tmut           #.......     97%         2    ###....
 Confusing Touch          Hex            #.......     99%         3    ####...
 Dazzling Flash           Conj/Hex       #.....       99%         3    ####...
 Ignite Poison            Fire/Tmut/Pois #.......     99%         3    ####...
 Lesser Beckoning         Tloc           #.........   99%         3    ####...
 Mephitic Cloud           Conj/Pois/Air  #.......     99%         3    ####...
 Spider Form              Tmut/Pois      #.........   99%         3    ####...
 Stone Arrow              Conj/Erth      #.....       99%         3    ####...
 Tukima's Dance           Hex            #.......     99%         3    ####...
 Ice Form                 Ice/Tmut       #.......     100%        4    #####..
 Leda's Liquefaction      Hex/Erth       #.........   100%        4    #####..
 Olgreb's Toxic Radiance  Pois           #.......     100%        4    #####..
 Petrify                  Tmut/Erth      #.......     100%        4    #####..
 Alistair's Intoxication  Tmut/Pois      #.......     100%        5    ######.
 Blade Hands              Tmut           #.........   100%        5    ######.
 Bolt of Magma            Conj/Fire/Erth #.........   100%        5    ######.
 Irradiate                Conj/Tmut      #.........   100%        5    ######.
 Lee's Rapid Deconstruct  Erth           #.........   100%        5    ######.
 Hydra Form               Tmut           #.........   100%        6    #######
 Invisibility             Hex            #.......     100%        6    #######
 Iron Shot                Conj/Erth      #.........   100%        6    #######
 Statue Form              Tmut/Erth      #........    100%        6    #######
 Dragon Form              Tmut           #.........   100%        7    #######
 Shatter                  Erth           #.........   100%        9    #######


Dungeon Overview and Level Annotations

Branches:
Dungeon (13/15)            Temple (1/1) D:5            Lair (6/6) D:8
 Shoals (0/4) Lair:3       Spider (0/4) Lair:3        Slime (0/5) Lair:5
    Orc (0/2) D:10
 Vaults: D:13-14

Altars:
Ashenzari
Cheibriados
Dithmenos
Elyvilon
Fedhas
Gozag
Hepliaklqana
Kikubaaqudgha
Makhleb
Nemelex Xobeh
Okawaru
Qazlal
Ru
Sif Muna
Trog
Uskayaw
Vehumet
Wu Jian
Xom
Yredelemnul
Zin
The Shining One
Jiyva

Shops:
D:9 (

Annotations:
D:5 exclusion: downstairs
D:13 Frances


Innate Abilities, Weirdness & Mutations

You are resistant to damage.
You can heal yourself by infusing magical energy.
You resist negative energy. (rN+)
You passively map the area around you.
You do not regenerate.


Message History

Frances is almost dead.
The sixfirhy hits you but does no damage.
The sixfirhy barely misses you.
The sixfirhy hits you but does no damage.
Frances is engulfed in blazing flames.
Frances says, "There is a strange beauty in the demonic, don't you think?"
Frances mutters in a terrible tongue.
The shard of ice hits you! You partially resist.
* * * LOW HITPOINT WARNING * * *
The sixfirhy barely misses you.
The orange demon stings you but does no damage.
Evoke which item? (* to show all) (? for menu, Esc to quit)
Aiming: Corrosive Bolt
Press: ? - help, Shift-Dir - straight line, f/p - Frances
Aim: Frances, wielding a +0 long sword and wearing a +0 leather armour (flame, almost dead, fast, strong, covered in acid)
The bolt of acid misses Frances.
Frances is engulfed in blazing flames.
Frances hits you but does no damage.
Frances is engulfed in blazing flames.
Frances screams a word of power!
The iron shot hits you!!!
You die...

.# ##(## * ######'## #).#
, #.......# ######.###
*###...§§§§# #........# *
, ..'...§§§§# ##........#
* #...5§§§##..........# *
#..55§§§4..#........# ***
#..533@.#* #.......)#
######@## ######.###
###..# #.# #...## #.#
######'#### #.## * *
#.........# #..#
#.........# #####.#### ,
#.........#######........#
,
#.........'.(.............
*
+.........#######........#


You could see Frances (fast, strong, corroded), an orange demon (summoned), a
sixfirhy (summoned), a ynoxinul (summoned) and 4 ufetubi.

Vanquished Creatures
  Nessos (Lair:6)
  A fire dragon (Lair:6)
  2 hydras
  Erica (D:8)
  A death knight (D:12)
  A two-headed ogre (D:10)
  2 centaur warriors (D:13)
  Urug (D:11)
  A swamp dragon (Lair:6)
  An ugly thing (D:11)
  2 cyclopes
  An oklob plant (Lair:5)
  A wolf spider (Lair:6)
  2 manticores (D:12)
  A deep elf mage (D:13)
  11 black mambas
  A guardian serpent (Lair:6)
  9 elephants (Lair:6)
  13 spiny frogs
  2 gargoyles (D:13)
  3 rime drakes
  A kobold demonologist (D:12)
  7 komodo dragons
  4 trolls
  11 blink frogs
  Prince Ribbit (D:9)
  A meliai zombie (D:12)
  6 hornets
  6 dream sheep (Lair:6)
  12 hippogriffs
  A vampire (D:9)
  5 redbacks
  28 yaks
  A wraith (D:13)
  5 basilisks
  10 wyverns
  2 steam dragons (Lair:6)
  3 hungry ghosts
  Menkaure (D:5)
  2 acid dragons
  3 soldier ants
  21 water moccasins
  A swamp drake (Lair:6)
  8 orc warriors
  9 porcupines
  A hornet zombie (D:6)
  2 necrophages
  4 phantoms
  4 sky beasts
  5 black bears
  5 ice beasts
  3 eyes of draining
  10 ogres
  5 wolves
  10 crocodiles
  3 centaurs
  17 bullfrogs
  A big kobold (D:7)
  5 scorpions
  A water moccasin zombie (D:8)
  4 killer bees
  8 wights
  3 howler monkeys (D:10)
  4 crimson imps
  A bullfrog zombie (D:9)
  2 centaur zombies
  A quasit (D:12)
  3 centaur skeletons
  4 jellies
  11 hounds
  12 orc priests
  A bullfrog skeleton (D:5)
  A gnoll shaman (D:7)
  18 orc wizards
  10 iguanas
  7 hell rats (Lair:3)
  7 worker ants
  A hound zombie (D:9)
  A hound skeleton (D:6)
  2 worker ant zombies
  19 gnolls
  17 adders
  5 shadow imps
  An ooze (D:4)
  4 adder skeletons
  An adder zombie (D:6)
  5 worms
  2 dart slugs (D:2)
  4 leopard geckos
  78 orcs
  3 ball pythons
  8 bats
  2 giant cockroaches (D:1)
  14 goblins
  9 hobgoblins
  14 jackals
  14 kobolds
  10 quokkas
  5 frilled lizards
  A leopard gecko skeleton (D:5)
  A quokka skeleton (D:6)
  8 rats
  5 fungi
  4 plants
618 creatures vanquished.

Vanquished Creatures (collateral kills)
  A hornet (D:11)
  An acid dragon (D:11)
  A wight (D:6)
  An orc wizard (D:6)
  A worker ant (D:11)
  2 orcs (D:6)
7 creatures vanquished.

Vanquished Creatures (others)
  5 dream sheep (Lair:6)
  16 fungi
  25 plants
46 creatures vanquished.

Grand Total: 671 creatures vanquished

Notes
Turn   | Place    | Note
-------+----------+-------------------------------------------
     0 | D:1      | grindst0ne the Deep Dwarf Artificer began the quest for the
                  | Orb.
     0 | D:1      | Reached XP level 1. HP: 16/16 MP: 3/3
    18 | D:1      | Reached skill level 1 in Fighting
   159 | D:1      | You fall into a shaft and drop 1 floor!
   207 | D:2      | Reached skill level 1 in Armour
   207 | D:2      | Reached XP level 2. HP: 11/25 MP: 5/5
   276 | D:2      | Found a snail-covered altar of Cheibriados.
   437 | D:1      | Reached XP level 3. HP: 23/31 MP: 5/5
  1328 | D:2      | Reached XP level 4. HP: 35/39 MP: 5/5
  1544 | D:2      | Found a hide-covered altar of Uskayaw.
  1998 | D:3      | Reached XP level 5. HP: 43/46 MP: 5/5
  2798 | D:3      | You fall into a shaft and drop 2 floors!
  2798 | D:5      | Entered Level 5 of the Dungeon
  2807 | D:5      | Found a staircase to the Ecumenical Temple.
  2815 | Temple   | Entered the Ecumenical Temple
  3106 | D:5      | Reached skill level 1 in Axes
  3116 | D:5      | Reached XP level 6. HP: 44/56 MP: 6/6
  3362 | D:4      | You fall into a shaft and drop 1 floor!
  3420 | D:4      | Reached XP level 7. HP: 48/62 MP: 6/6
  3562 | D:4      | Reached skill level 5 in Dodging
  4385 | D:5      | Noticed Menkaure
  4395 | D:5      | Killed Menkaure
  4395 | D:5      | Reached skill level 5 in Armour
  4416 | D:5      | Reached XP level 8. HP: 42/73 MP: 5/5
  4468 | D:5      | Found Synunuge's Weapon Emporium.
  4869 | D:6      | Reached skill level 5 in Fighting
  5051 | D:6      | Reached skill level 5 in Axes
  5251 | D:6      | Gained mutation: You passively map the area around you.
                  | [Deep Dwarf growth]
  5251 | D:6      | Reached XP level 9. HP: 46/81 MP: 6/6
  5807 | D:6      | Found a radiant altar of Vehumet.
  5807 | D:6      | Found a burning altar of Makhleb.
  5978 | D:6      | Became a worshipper of Makhleb the Destroyer
  6048 | D:7      | Found an ornate altar of the Wu Jian Council.
  6053 | D:7      | Found a glowing golden altar of the Shining One.
  6292 | D:7      | Reached * piety under Makhleb
  6365 | D:7      | Reached XP level 10. HP: 73/92 MP: 6/6
  6493 | D:7      | Found a hazy altar of Hepliaklqana.
  6495 | D:7      | Found a stormy altar of Qazlal.
  7183 | D:8      | Reached ** piety under Makhleb
  7208 | D:8      | Found a basalt altar of Yredelemnul.
  7281 | D:8      | Found a white marble altar of Elyvilon.
  7365 | D:8      | Reached skill level 1 in Invocations
  7414 | D:8      | Reached skill level 2 in Invocations
  7482 | D:8      | Noticed Erica
  7504 | D:8      | Killed Erica
  7504 | D:8      | Reached skill level 3 in Invocations
  7597 | D:8      | Reached skill level 4 in Invocations
  7676 | D:8      | Found an opulent altar of Gozag.
  7726 | D:8      | Reached skill level 5 in Evocations
  7736 | D:8      | Reached *** piety under Makhleb
  7767 | D:8      | Found a staircase to the Lair.
  7791 | D:8      | Reached skill level 5 in Invocations
  8076 | D:9      | Reached XP level 11. HP: 96/100 MP: 0/8
  8191 | D:9      | Reached **** piety under Makhleb
  8209 | D:9      | Found Ycvoufupt's Weapon Emporium.
  8256 | D:9      | Noticed Prince Ribbit
  8272 | D:9      | Killed Prince Ribbit
  8331 | D:9      | Reached skill level 6 in Invocations
  8340 | D:9      | Paralysed by a hornet for 2 turns
  8673 | D:10     | Entered Level 10 of the Dungeon
  9085 | D:10     | Noticed a two-headed ogre
  9098 | D:10     | Killed a two-headed ogre
  9098 | D:10     | Reached skill level 7 in Invocations
  9135 | D:10     | Found a staircase to the Orcish Mines.
  9167 | D:10     | Reached ***** piety under Makhleb
  9634 | D:11     | Noticed Urug
  9660 | D:11     | Killed Urug
  9660 | D:11     | Reached skill level 10 in Dodging
  9741 | D:11     | Noticed a red ugly thing
  9780 | D:11     | Paralysed by a hornet for 1 turns
  9787 | D:11     | Reached skill level 8 in Invocations
  9995 | D:11     | Killed a red ugly thing
 10297 | Lair:1   | Entered Level 1 of the Lair of Beasts
 10685 | Lair:1   | Reached XP level 12. HP: 87/112 MP: 11/11
 10831 | Lair:1   | Reached skill level 9 in Invocations
 11056 | Lair:2   | Reached skill level 10 in Armour
 11148 | Lair:2   | Found the +10 dark maul {vorpal}
 11757 | Lair:3   | Found a hole to the Spider Nest.
 12022 | Lair:3   | Reached skill level 10 in Invocations
 12047 | Lair:3   | Found a staircase to the Shoals.
 12127 | Lair:3   | Noticed an eight-headed hydra
 12532 | Lair:3   | Killed a seven-headed hydra
 13405 | Lair:4   | Reached skill level 10 in Axes
 14019 | Lair:5   | Found a staircase to the Slime Pits.
 14019 | Lair:5   | Found a viscous altar of Jiyva.
 14058 | Lair:5   | Reached skill level 11 in Invocations
 14116 | Lair:5   | Noticed a four-headed hydra
 14125 | Lair:5   | Killed a four-headed hydra
 14333 | Lair:5   | Reached XP level 13. HP: 121/121 MP: 13/13
 14648 | Lair:6   | Entered Level 6 of the Lair of Beasts
 14838 | Lair:6   | Reached ****** piety under Makhleb
 14961 | Lair:6   | Reached skill level 12 in Invocations
 15269 | Lair:6   | Reached skill level 10 in Evocations
 15321 | Lair:6   | Noticed a fire dragon
 15375 | Lair:6   | Killed a fire dragon
 15626 | Lair:6   | Noticed Nessos
 15642 | Lair:6   | Killed Nessos
 15657 | Lair:6   | Reached skill level 13 in Invocations
 15682 | Lair:6   | Paralysed by a hornet for 3 turns
 15866 | Lair:6   | Found a shimmering altar of Xom.
 16601 | D:12     | Gained mutation: You resist negative energy. (rN+) [Deep
                  | Dwarf growth]
 16601 | D:12     | Reached XP level 14. HP: 130/130 MP: 15/15
 16995 | D:12     | Reached skill level 10 in Fighting
 17272 | D:12     | Identified a scroll of acquirement
 17932 | D:13     | Noticed Frances
 17960 | D:13     | Killed from afar by Frances

Illustrated notes

Levels and vault maps discovered:
D:1:      onia_arrival_pentagram, layout_basic
D:2:      layout_basic, kennysheep_slug_shrine, eat_drink_and_be_merry_uskayaw
D:3:      layout_basic, grunt_ministairs_7
D:4:      layout_loops_ring, first_ration
D:5:      layout_loops_ring, minmay_temple_entry_grid, serial_shops,
          nicolae_shop_statue_plus, uniq_menkaure
D:6:      layout_basic, grunt_temple_overflow_lords_of_destruction
D:7:      cheibrodos_fzero, layout_cave_pods, nicolae_overflow_hidden_temple
D:8:      layout_layer_cave, kennysheep_ying_yang, nicolae_gozag_seed_capital,
          minmay_lair_entry_grove, uniq_erica
D:9:      layout_cave_pools, serial_shops, nicolae_shop_trees,
          uniq_prince_ribbit1
D:10:     layout_loops_ring, hiddenorc2_lemuel, kennysheep_another_room
D:11:     layout_roguey, hangedman_pestilent_swarm, uniq_urug
D:12:     minmay_box_of_statues, layout_cave_pools
D:13:     layout_roguey, uniq_frances
Temple:   bh_familiar_temple
Lair:1:   layout_hall_layers, serial_forest, infiniplex_forest_straight_3,
          infiniplex_forest_lined_3, infiniplex_forest_diagonal,
          infiniplex_forest_lined_3, lemuel_fruit_tree
Lair:2:   layout_roguey, grunt_megastairs_3, infiniplex_staircase_pool,
          serial_bayou_shore_b, serial_bayou_shore_b
Lair:3:   layout_layer_cave, elwin_shoals_entry_rooms, spider_nest_entry_a,
          minmay_stone_trees_medium, grunt_megastairs_4, lemuel_fruit_fields
Lair:4:   layout_regular_city, chequers_serial_rivers_small_a,
          lemuel_fruit_fields
Lair:5:   layout_hall_layers, slime_altar_1
Lair:6:   guppyfry_lair_end_dragon, layout_regular_city,
          hangedman_lair_tendril_chambers, kb_xom_exploding_sheep, uniq_nessos

Skill      XL: |  1  2  3  4  5  6  7  8  9 10 11 12 13 14 |
---------------+-------------------------------------------+-----
Fighting       | 1 2 3 4 5 6 7 8 9 10 | 10.1
Armour         | 1 2 3 4 5 6 8 9 10 11 | 11.9
Dodging        | 3 4 5 7 8 9 10 11 12 | 12.1
Axes           | 1 2 3 5 7 8 9 10 11 | 11.4
Invocations    | 5 8 11 13 | 13.9
Evocations     | 5 7 9 10 11 | 11.1
Short Blades   | |  0.8
Stealth        | |  1.2

Action                   |  1- 3 |  4- 6 |  7- 9 | 10-12 | 13-15 || total
-------------------------+-------+-------+-------+-------+-------++-------
Melee: Short sword       |   188 |    60 |       |       |       ||   248
       Flail             |       |    51 |       |       |       ||    51
       Hand axe          |       |   153 |   448 |  1343 |  1088 ||  3032
       Scimitar          |       |       |       |     4 |       ||     4
Throw: Stone             |    17 |       |       |       |       ||    17
       Throwing net      |     2 |     5 |       |       |       ||     7
       Javelin           |     7 |    24 |    15 |     2 |       ||    48
Invok: Greater Servant o |       |       |       |     1 |       ||     1
 Abil: Heal Wounds       |     2 |     4 |    10 |     5 |     4 ||    25
Evoke: Wand              |       |    19 |    19 |    35 |     9 ||    82
  Use: Scroll            |       |     5 |     5 |    14 |     5 ||    29
       Potion            |       |       |       |     2 |     1 ||     3
 Stab: Sleeping          |     2 |     2 |       |       |       ||     4
       Held in net/web   |     1 |       |       |       |       ||     1
       Confused          |       |     2 |     1 |       |       ||     3
       Paralysed         |       |       |     1 |    15 |       ||    16
  Eat: Chunk             |     2 |     7 |     7 |    28 |    18 ||    62
       Ration            |       |       |     1 |       |       ||     1
Armor: Leather armour    |    66 |    12 |       |       |       ||    78
       Ring mail         |       |    34 |       |       |       ||    34
       Scale mail        |       |    35 |   160 |       |       ||   195
       Chain mail        |       |       |       |   728 |   596 ||  1324
Dodge: Dodged            |   132 |   160 |   310 |   773 |   687 ||  2062
Block: Other             |       |       |       |   128 |   245 ||   373
       Reflection        |       |       |       |       |     3 ||     3
